 Dungeon Crawl Stone Soup version 0.31.0-12-g77e489cdc1 (webtiles) character file.

Game seed: 9537691145499883374

5 Gadfly the Sneak (level 1, 0/9 HPs)
             Began as a Spriggan Enchanter on Feb 22, 2024.
             Slain by a goblin
             ... wielding a +0 club
              (2 damage)
             ... on level 1 of the Dungeon.
             The game lasted 00:00:07 (51 turns).

Gadfly the Sneak (Spriggan Enchanter)                 Turns: 51, Time: 00:00:08

Health: 0/9        AC:  2    Str:  4    XL:     1   Next: 66%
Magic:  5/5        EV: 17    Int: 16    God:
Gold:   17         SH:  0    Dex: 15    Spells: 5/5 levels left

rFire   . . .        a - +1 dagger
rCold   . . .        (no shield)
rNeg    . . .        b - +0 robe
rPois   .            (helmet restricted)
rElec   .            (no cloak)
rCorr   .            (gloves unavailable)
SInv    +            (boots unavailable)
Will    .....        (no amulet)
Stlth   +++          (no ring)
HPRegen 0.21/turn    (no ring)
MPRegen 0.09/turn

%: no passive effects
@: very quick
A: very small, no large weapons, unfitting armour, see invisible, speed 3
a: no special abilities


You were on level 1 of the Dungeon.
You visited 1 branch of the dungeon, and saw 1 of its levels.

You collected 17 gold pieces.

Inventory:

Hand Weapons
 a - a +1 dagger (weapon)
Armour
 b - a +0 robe (worn)
Potions
 c - 2 potions of invisibility
 d - a potion of might {unknown}


   Skills:
 + Level 0.2 Fighting
 + Level 1.2 Short Blades
 + Level 2.7 Dodging
 + Level 4.4 Stealth
 + Level 2.8 Spellcasting
 + Level 3.6 Hexes
 + Level 0.3 Evocations


You had 5 spell levels left.
You didn't know any spells.
Your spell library contained the following spells:

 Spells                   Type           Power      Damage    Failure   Level
 Confusing Touch          Hex            14%        N/A       13%         3
 Tukima's Dance           Hex            14%        N/A       13%         3
 Ensorcelled Hibernation  Hex/Ice        16%        N/A       14%         2
 Dazzling Flash           Conj/Hex       16%        N/A       26%         3


Dungeon Overview and Level Annotations

Branches:
Dungeon (1/15)

Altars:


Innate Abilities, Weirdness & Mutations

You are very small and have problems with some larger weapons.
You are too small for most types of armour.
You have supernaturally acute eyesight. (SInv)
You cover ground extremely quickly. (Speed+++)


Message History

There are monsters nearby!
There are monsters nearby!
Found 5 stones.
The helpless dart slug fails to defend itself.
You impale the dart slug!!
You kill the dart slug!
A bat comes into view. 2 goblins come into view.
Found a spear.
Found 5 large rocks.
The helpless endoplasm fails to defend itself.
You puncture the endoplasm!
You kill the endoplasm!
The goblin shouts!
You hear an angry hiss.
The bat misses you.
You miss the bat. The bat hits you but does no damage.
You miss the bat.
The goblin shouts!
The bat hits you but does no damage.
You miss the bat. The bat hits you but does no damage.
You hit the goblin.
The goblin is moderately wounded.
The bat closely misses you. The goblin closely misses you.
You hit the goblin.
You kill the goblin!
The bat barely misses you. The goblin hits you but does no damage.
You miss the bat. The bat misses you. The goblin misses you.
A goblin comes into view. It is wielding a +0 club.
You barely miss the goblin. The bat hits you but does no damage.
The goblin hits you with a +0 club.
You hit the bat.
The bat is moderately wounded.
The bat closely misses you. The goblin completely misses you.
You barely miss the goblin. The goblin misses you. The bat closely misses you.
You miss the bat.
The bat is moderately wounded.
The bat closely misses you. The goblin hits you with a +0 club.
* * * LOW HITPOINT WARNING * * *
The goblin hits you with a +0 club.
You die...

#####
....#...#.####..
......###...#...
.....#..........#
.............#####
...............#..
.......=.........#
.................
.........b....##
.(...#...@....#
........g)g...#
..........#.###
......#...#.#
........... )
.......(.....
##...#..... ..
......... ...


You could see 2 goblins and a bat.

Vanquished Creatures
  A dart slug (D:1)
  An endoplasm (D:1)
  A goblin (D:1)
3 creatures vanquished.

Notes
Turn   | Place    | Note
-------+----------+-------------------------------------------
     0 | D:1      | Gadfly the Spriggan Enchanter began the quest for the Orb.
     0 | D:1      | Reached XP level 1. HP: 9/9 MP: 5/5
    51 | D:1      | Slain by a goblin

Illustrated notes

Levels and vault maps discovered:
D:1:      lightli_arrival_statuegarden, layout_rooms

Action                     || total
---------------------------++-------
  Melee: Dagger            ||    12
   Stab: Sleeping          ||     2
 Armour: Robe              ||     8
  Dodge: Dodged            ||    11
